 Dungeon Crawl Stone Soup version 0.28.0-43-g3370ac3207 (webtiles) character file.

Game seed: 14135350222737604430

6916 jimonade the Basher (level 11, -4/84 HPs)
             Began as a Gnoll Wanderer on Mar 19, 2022.
             Was a Follower of the Shining One.
             Killed from afar by an electric eel (10 damage)
             ... with a bolt of electricity
             ... on level 9 of the Dungeon.
             The game lasted 00:41:48 (11129 turns).

jimonade the Basher (Gnoll Wanderer)               Turns: 11129, Time: 00:41:48

Health: -4/84      AC: 15    Str: 20    XL:     11   Next: 7%
Magic:  19/19      EV: 10    Int: 11    God:    the Shining One [*.....]
Gold:   450        SH: 14    Dex: 14    Spells: 21/21 levels left

rFire   . . .      SeeInvis .   m - +3 morningstar (protect)
rCold   . . .      Faith    .   Y - +0 tower shield
rNeg    . . .      Spirit   .   u - +0 swamp dragon scales
rPois   +          Reflect  .   I - +0 helmet
rElec   .          Harm     .   t - +0 cloak
rCorr   .          Rampage  .   H - +2 pair of gloves
Will    .....                   d - +0 pair of boots
Stlth   +.........              G - amulet of regeneration
HPRegen 1.04/turn               P - +6 ring of dexterity
MPRegen 0.16/turn               (no ring)

@: glowing
A: fangs 1, strong nose, distributed training
a: Renounce Religion, Divine Shield


You were on level 9 of the Dungeon.
You worshipped the Shining One.
The Shining One was aware of your devotion.
You visited 2 branches of the dungeon, and saw 10 of its levels.

You collected 450 gold pieces.

Inventory:

Hand Weapons
 a - a +0 flail
 b - a +0 shortbow
 m - a +3 morningstar of protection (weapon)
 B - a +2 spear of flaming
 C - a +0 hunting sling
Missiles
 c - 223 arrows
 g - 393 stones
 i - 62 sling bullets
 J - a throwing net
 K - 7 poisoned darts (quivered)
 M - 62 bolts
 S - 2 curare-tipped darts
 U - 4 boomerangs
Armour
 d - a +0 pair of boots (worn)
 e - a +0 leather armour
 f - a +0 ring mail
 t - a +0 cloak (worn)
 u - +0 swamp dragon scales (worn)
 w - a +0 chain mail
 D - a +0 robe of cold resistance
 H - a +2 pair of gloves (worn)
 I - a +0 helmet (worn)
 V - a +0 plate armour
 Y - a +0 tower shield (worn)
Magical Staves
 A - a staff of conjuration
Jewellery
 n - a ring of fire
 p - a ring of fire
 G - an amulet of regeneration (around neck)
 O - an amulet of guardian spirit
 P - a +6 ring of dexterity (left hand)
Wands
 v - a wand of digging (5)
 x - a wand of paralysis (11)
 Q - a wand of flame (32)
 Z - a wand of acid (8)
Scrolls
 h - a scroll of enchant armour
 j - a scroll of immolation {unknown}
 l - 3 scrolls of magic mapping
 o - 2 scrolls of teleportation
 r - 2 scrolls of enchant weapon
 y - 2 scrolls of noise {unknown}
 F - a scroll of brand weapon {unknown}
 N - 2 scrolls of identify
 R - a scroll of fog {unknown}
Potions
 k - 2 potions of lignification
 q - 2 potions of magic
 s - 2 potions of mutation
 z - 4 potions of brilliance
 E - 5 potions of curing
 L - a potion of haste {unknown}
 T - 4 potions of heal wounds
 W - a potion of might {unknown}
 X - a potion of invisibility {unknown}


   Skills:
 + Level 7.5 Fighting
 + Level 5.9 Short Blades
 + Level 5.9 Long Blades
 + Level 5.9 Axes
 + Level 10.4 Maces & Flails
 + Level 5.9 Polearms
 + Level 5.9 Staves
 + Level 5.9 Slings
 + Level 6.5 Bows
 + Level 5.9 Crossbows
 + Level 5.9 Throwing
 + Level 5.9 Armour
 + Level 6.5 Dodging
 + Level 6.4 Stealth
 + Level 5.9 Shields
 + Level 5.9 Unarmed Combat
 + Level 5.9 Spellcasting
 + Level 4.9 Conjurations
 + Level 4.9 Hexes
 + Level 4.9 Summonings
 + Level 4.9 Necromancy
 + Level 4.9 Translocations
 + Level 4.9 Transmutations
 + Level 4.9 Fire Magic
 + Level 4.9 Ice Magic
 + Level 4.9 Air Magic
 + Level 4.9 Earth Magic
 + Level 4.9 Poison Magic
 + Level 6.5 Invocations
 + Level 6.5 Evocations


You had 21 spell levels left.
You didn't know any spells.
Your spell library contained the following spells:

 Spells                   Type           Power      Damage    Failure   Level
 Corpse Rot               Necr/Air       28%        N/A       52%         2
 Poisonous Vapours        Pois/Air       28%        N/A       52%         2
 Dazzling Flash           Conj/Hex       28%        N/A       77%         3
 Frozen Ramparts          Ice            28%        1d4       77%         3
 Ozocubu's Armour         Ice            14%        N/A       77%         3
 Airstrike                Air            7%         N/A       99%         4
 Ice Form                 Ice/Tmut       14%        N/A       99%         4
 Summon Ice Beast         Ice/Summ       14%        N/A       99%         4
 Summon Lightning Spire   Summ/Air       14%        N/A       99%         4
 Agony                    Necr           14%        N/A       100%        5
 Lightning Bolt           Conj/Air       7%         1d19      100%        5
 Metabolic Englaciation   Hex/Ice        7%         N/A       100%        5
 Silence                  Hex/Air        7%         N/A       100%        5
 Simulacrum               Ice/Necr       7%         N/A       100%        6


Dungeon Overview and Level Annotations

Branches:
Dungeon (9/15)             Temple (1/1) D:6            Lair (0/6) D:8
    Orc: D:9-12

Altars:
Ashenzari
Cheibriados
Fedhas
Gozag
Hepliaklqana
Kikubaaqudgha
Makhleb
Nemelex Xobeh
Okawaru
Qazlal
Ru
Sif Muna
Trog
Uskayaw
Wu Jian
Yredelemnul
Zin
The Shining One

Shops:
D:9 ?


Innate Abilities, Weirdness & Mutations

You have very sharp teeth.
Your uncanny sense of smell can sniff out nearby items.
Your experience applies equally to all skills.


Message History

Your weapon exudes an aura of protection.
You kill the electric eel!
You enter the shallow water.
Moving in this stuff is going to be slow.
The electric eel shoots out a bolt of lightning at you!
The bolt of electricity misses you.
The electric eel shoots out a bolt of lightning at you!
The bolt of electricity hits you.
The electric eel shoots out a bolt of lightning at you!
The bolt of electricity hits you.
The electric eel shoots out a bolt of lightning at you!
The bolt of electricity hits you! x2
There is a stone staircase leading down here.
The electric eel shoots out a bolt of lightning at you!
The bolt of electricity hits you!
The electric eel shoots out a bolt of lightning at you!
The bolt of electricity hits you.
The electric eel shoots out a bolt of lightning at you!
The bolt of electricity hits you but does no damage.
The electric eel shoots out a bolt of lightning at you!
The bolt of electricity hits you!
The electric eel shoots out a bolt of lightning at you!
The bolt of electricity hits you!
The electric eel shoots out a bolt of lightning at you!
The bolt of electricity hits you!
* * * LOW HITPOINT WARNING * * *
There is a stone staircase leading down here.
The electric eel shoots out a bolt of lightning at you!
The bolt of electricity hits you.
* * * LOW HITPOINT WARNING * * *
The electric eel shoots out a bolt of lightning at you!
The bolt of electricity hits you.
* * * LOW HITPOINT WARNING * * *
The electric eel shoots out a bolt of lightning at you!
The bolt of electricity hits the electric eel.
The electric eel completely resists.
The bolt of electricity hits you!
* * * LOW HITPOINT WARNING * * *
The electric eel shoots out a bolt of lightning at you!
The bolt of electricity hits you!
You die...

≈≈≈≈≈.##.#.#.#......#######
≈≈≈≈≈≈≈.##.#.#.#......#
≈≈≈≈≈≈≈..#.........≈..#######
≈≈≈≈≈S≈≈.#...................
≈≈≈≈≈S≈S..............#######
##..................#
#≈≈≈≈≈#.............#
≈≈≈≈≈≈#≈≈≈≈≈#.>...........#
≈≈≈≈≈#≈≈≈≈≈####@..#......#
≈≈≈≈#≈≈≈≈≈#.............#
≈≈≈.≈≈≈≈≈#.........########
≈≈.≈≈≈≈≈#..÷.............#
≈≈.≈≈....................#
##.##.........≈..........#
#.##.......≈≈≈....#####.#
#.##.......≈≈≈≈≈..### #<#
#.##....##..≈≈≈≈....# #.#


You could see 3 electric eels.

Vanquished Creatures
  Harold (D:7)
  A kobold demonologist (D:5)
  Sigmund (D:5)
  A shadow (D:9)
  8 yaks (D:9)
  2 wyverns
  2 wargs (D:7)
  2 water moccasins
  5 orc warriors
  A hornet zombie (D:9)
  A sky beast (D:4)
  2 ice beasts
  3 ogres
  4 centaurs
  2 kobold brigands (D:8)
  Blork the orc (D:5)
  5 bullfrogs
  A scorpion (D:6)
  A water moccasin skeleton (D:6)
  A water moccasin zombie (D:5)
  8 killer bees
  An electric eel (D:9)
  7 howler monkeys
  3 bullfrog zombies (D:5)
  3 centaur zombies
  A jelly (D:7)
  4 orc priests
  3 hounds
  A scorpion zombie (D:5)
  6 iguanas
  8 orc wizards
  A hound zombie (D:5)
  Robin (D:4)
  A howler monkey zombie (D:9)
  10 adders
  3 gnolls (D:3)
  A shadow imp (D:7)
  3 white imps
  4 dart slugs
  18 orcs
  6 endoplasms
  3 giant cockroaches
  15 goblins
  11 hobgoblins
  6 jackals
  15 kobolds
  5 quokkas
  10 ball pythons
  A bat (D:2)
  4 frilled lizards
  A quokka skeleton (D:4)
  4 rats
213 creatures vanquished.

Vanquished Creatures (others)
  9 fungi
  7 plants
16 creatures vanquished.

Grand Total: 229 creatures vanquished

Notes
Turn   | Place    | Note
-------+----------+-------------------------------------------
     0 | D:1      | jimonade the Gnoll Wanderer began the quest for the Orb.
     0 | D:1      | jimonade set off with the following items: a +0 flail, a +0
                  | shortbow, 27 arrows, a +0 pair of boots, a +0 leather
                  | armour
     0 | D:1      | Reached XP level 1. HP: 20/20 MP: 1/1
   347 | D:1      | Reached XP level 2. HP: 23/26 MP: 2/2
   619 | D:1      | Found a faded altar of an unknown god.
  1636 | D:2      | Reached XP level 3. HP: 28/31 MP: 3/3
  1894 | D:2      | Reached skill level 1 in Invocations
  2178 | D:2      | Reached skill level 1 in Short Blades
  2178 | D:2      | Reached skill level 1 in Long Blades
  2178 | D:2      | Reached skill level 1 in Axes
  2178 | D:2      | Reached skill level 1 in Polearms
  2178 | D:2      | Reached skill level 1 in Staves
  2178 | D:2      | Reached skill level 1 in Slings
  2178 | D:2      | Reached skill level 1 in Crossbows
  2178 | D:2      | Reached skill level 1 in Throwing
  2178 | D:2      | Reached skill level 1 in Armour
  2178 | D:2      | Reached skill level 1 in Shields
  2178 | D:2      | Reached skill level 1 in Unarmed Combat
  2178 | D:2      | Reached skill level 1 in Spellcasting
  2343 | D:2      | Reached XP level 4. HP: 38/38 MP: 5/5
  2972 | D:3      | Reached skill level 1 in Conjurations
  2972 | D:3      | Reached skill level 1 in Hexes
  2972 | D:3      | Reached skill level 1 in Summonings
  2972 | D:3      | Reached skill level 1 in Necromancy
  2972 | D:3      | Reached skill level 1 in Translocations
  2972 | D:3      | Reached skill level 1 in Transmutations
  2972 | D:3      | Reached skill level 1 in Fire Magic
  2972 | D:3      | Reached skill level 1 in Ice Magic
  2972 | D:3      | Reached skill level 1 in Air Magic
  2972 | D:3      | Reached skill level 1 in Earth Magic
  2972 | D:3      | Reached skill level 1 in Poison Magic
  3207 | D:3      | Reached XP level 5. HP: 43/43 MP: 6/6
  4066 | D:3      | Reached XP level 6. HP: 39/50 MP: 8/8
  4401 | D:4      | Reached skill level 5 in Fighting
  4993 | D:4      | Noticed Robin
  5010 | D:4      | Identified the +1 robe of Lilacs {Dex+6 SInv}
  5034 | D:3      | Reached XP level 7. HP: 55/56 MP: 10/10
  5092 | D:4      | Killed Robin
  5535 | D:5      | Entered Level 5 of the Dungeon
  5590 | D:4      | Reached skill level 9 in Maces & Flails
  5633 | D:5      | Noticed Blork the orc
  5645 | D:5      | Killed Blork the orc
  5670 | D:5      | Reached XP level 8. HP: 46/63 MP: 12/12
  6103 | D:5      | Noticed Sigmund
  6122 | D:5      | Killed Sigmund
  6263 | D:5      | Noticed a kobold demonologist
  6345 | D:5      | Noticed a hellwing
  6350 | D:5      | Killed a kobold demonologist
  6351 | D:5      | Reached XP level 9. HP: 69/69 MP: 14/14
  6748 | D:6      | Found a staircase to the Ecumenical Temple.
  7111 | D:6      | Reached skill level 5 in Bows
  7111 | D:6      | Reached skill level 5 in Dodging
  7111 | D:6      | Reached skill level 5 in Evocations
  7175 | D:6      | Reached skill level 5 in Stealth
  7745 | Temple   | Entered the Ecumenical Temple
  7916 | Temple   | Became a worshipper of the Shining One
  7988 | D:7      | Found a blossoming altar of Fedhas.
  8022 | D:7      | Found a burning altar of Makhleb.
  8022 | D:7      | Noticed a cacodemon
  8236 | D:7      | Reached skill level 5 in Invocations
  8912 | D:8      | Noticed Harold
  8913 | D:8      | Paralysed by Harold for 3 turns
  9002 | D:8      | Found a staircase to the Lair.
  9108 | D:7      | Reached XP level 10. HP: 77/77 MP: 17/17
  9405 | D:7      | Reached skill level 5 in Short Blades
  9405 | D:7      | Reached skill level 5 in Long Blades
  9405 | D:7      | Reached skill level 5 in Axes
  9405 | D:7      | Reached skill level 5 in Polearms
  9405 | D:7      | Reached skill level 5 in Staves
  9405 | D:7      | Reached skill level 5 in Slings
  9405 | D:7      | Reached skill level 5 in Crossbows
  9405 | D:7      | Reached skill level 5 in Throwing
  9405 | D:7      | Reached skill level 5 in Armour
  9405 | D:7      | Reached skill level 5 in Shields
  9405 | D:7      | Reached skill level 5 in Unarmed Combat
  9405 | D:7      | Reached skill level 5 in Spellcasting
  9469 | D:8      | Paralysed by Harold for 4 turns
  9504 | D:8      | Reached skill level 10 in Maces & Flails
  9513 | D:7      | Killed Harold
  9850 | D:8      | Reached * piety under the Shining One
 10372 | D:9      | Found Ruyka's Magic Scroll Shop.
 10986 | D:9      | Reached XP level 11. HP: 83/84 MP: 19/19
 11129 | D:9      | Killed from afar by an electric eel

Illustrated notes

Levels and vault maps discovered:
D:1:      minmay_arrival_jagged, layout_basic,
          shapermc_ecumenical_altar_mp_urbaneastern, minivault_19
D:2:      kennysheep_six_static_rooms, layout_loops_corners
D:3:      layout_basic
D:4:      layout_loops_cross, uniq_robin
D:5:      minmay_clustersquares, layout_cave_pools, minivault_27, uniq_sigmund,
          uniq_blork_the_orc
D:6:      layout_basic, minmay_temple_entry_drinking_statues
D:7:      layout_gridville, makhleb_altar_promises_db, fedhas_altar_3,
          enter_bailey_2, hangedman_glass_teeth
D:8:      layout_loops_cross, erik_lair_orcish_takeover, serial_bayou_pond_d,
          uniq_harold
D:9:      layout_basic, serial_shops, nicolae_shop_trees
Temple:   regret_index_temple_sphere_string

Skill      XL: |  1  2  3  4  5  6  7  8  9 10 |
---------------+-------------------------------+-----
Invocations    | 1 2 3 4 5 6 |  6.5
Short Blades   | 1 2 3 4 5 |  5.9
Long Blades    | 1 2 3 4 5 |  5.9
Axes           | 1 2 3 4 5 |  5.9
Polearms       | 1 2 3 4 5 |  5.9
Staves         | 1 2 3 4 5 |  5.9
Slings         | 1 2 3 4 5 |  5.9
Crossbows      | 1 2 3 4 5 |  5.9
Throwing       | 1 2 3 4 5 |  5.9
Armour         | 1 2 3 4 5 |  5.9
Shields        | 1 2 3 4 5 |  5.9
Unarmed Combat | 1 2 3 4 5 |  5.9
Spellcasting   | 1 2 3 4 5 |  5.9
Conjurations   | 1 2 3 4 |  4.9
Hexes          | 1 2 3 4 |  4.9
Summonings     | 1 2 3 4 |  4.9
Necromancy     | 1 2 3 4 |  4.9
Translocations | 1 2 3 4 |  4.9
Transmutations | 1 2 3 4 |  4.9
Fire Magic     | 1 2 3 4 |  4.9
Ice Magic      | 1 2 3 4 |  4.9
Air Magic      | 1 2 3 4 |  4.9
Earth Magic    | 1 2 3 4 |  4.9
Poison Magic   | 1 2 3 4 |  4.9
Bows           | 3 4 5 6 |  6.5
Dodging        | 3 4 5 6 |  6.5
Evocations     | 3 4 5 6 |  6.5
Fighting       | 5 6 7 |  7.5
Stealth        | 3 4 5 6 |  6.4
Maces & Flails | 9 10 | 10.4

Action                   |  1- 3 |  4- 6 |  7- 9 | 10-12 || total
-------------------------+-------+-------+-------+-------++-------
Melee: Flail             |    50 |       |       |       ||    50
       Bite              |     5 |    13 |    35 |    34 ||    87
       Morningstar       |    41 |   174 |   351 |   191 ||   757
       Punch             |       |     4 |     5 |       ||     9
Throw: Dart              |       |       |     6 |       ||     6
       Stone             |       |       |     5 |       ||     5
  Use: Scroll            |       |     7 |     3 |     2 ||    12
Armor: Ring mail         |    28 |     1 |       |       ||    29
       Chain mail        |       |   104 |   178 |       ||   282
       Plate armour      |       |       |    31 |       ||    31
       Swamp dragon scal |       |       |    27 |    81 ||   108
       Skin              |       |       |     2 |       ||     2
Dodge: Dodged            |    55 |    67 |   126 |    69 ||   317
Block: Tower shield      |       |       |    82 |   150 ||   232
